AoeStats
← 小小吸管

Arena

510307113Analyzed
4v4 RM · 1d ago on Sep 30, 2026· 64m 50s· 8 players
Game mode
Random Map
Map size
Large (8 player)
Population
200
Speed
Normal
Resources
Standard
Victory
Conquest
Starting age
Dark Age
Ending age
Imperial Age
RankedLock teamsTeams togetherTeam positionsShared explorationLock speedFull tech treeHidden civsTurbo modeCheats
Victory
Defeat
🇨🇳 Burmese · China
1185
+13
🇹🇼 Teutons · Taiwan
1175
+14
🇸🇮 Danes · Slovenia
1148
+15
1087
+18
🇨🇳 Saxons · China
1186
-17
🇹🇼 Teutons · Taiwan
1165
-17
🇹🇼 Byzantines · Taiwan
1068
-13
🇹🇼 Persians · Taiwan
1066
-13
mydogqmi
7:32 Loom
10:12 Feudal Age
12:05 Fletching
21:32 Castle Age
19:46 Double-Bit Axe
19:47 Horse Collar
24:14 Wheelbarrow
23:59 Heavy Plow
26:46 Gold Mining
27:20 Bow Saw
29:38 Hand Cart
29:13 Town Watch
29:08 Pikeman
29:49 Squires
30:37 Gambesons
31:37 Forging
31:28 Scale Mail Armor
36:29 Imperial Age
34:39 Chain Mail Armor
36:18 Iron Casting
36:37 Arson
37:31 Conscription
38:19 Chemistry
36:49 Halberdier
38:11 Plate Mail Armor
38:42 Blast Furnace
38:26 Crop Rotation
39:32 Two-Man Saw
39:17 Crenellations
41:58 Bodkin Arrow
42:21 Siege Engineers
42:03 Arrowslits
44:40 Masonry
45:21 Scale Barding Armor
45:06 Elite Teutonic Knight
50:17 Caravan
52:59 Fortified Wall
56:09 Guilds
59:58 Elite Skirmisher
61:11 Padded Archer Armor
m00n
10:19 Feudal Age
14:17 Castle Age
12:05 Double-Bit Axe
13:13 Horse Collar
14:09 Wheelbarrow
18:52 Loom
23:57 Murder Holes
25:28 Bow Saw
26:13 Heavy Plow
32:32 Imperial Age
30:46 Squires
31:22 Scale Mail Armor
31:32 Forging
31:37 Gold Mining
32:40 Chain Mail Armor
32:41 Masonry
32:43 Stone Mining
33:31 Gold Shaft Mining
33:28 Hand Cart
34:18 Iron Casting
35:05 Plate Mail Armor
34:42 Siege Engineers
35:04 Elite Jomsviking
36:07 Conscription
35:13 Hamask
36:51 Stone Shaft Mining
35:56 Pikeman
36:23 Arson
38:00 Blast Furnace
36:34 Heavy Scorpion
37:06 Halberdier
38:13 Ballistics
38:48 Capped Ram
39:26 Onager
39:45 Siege Ram
41:39 Hoardings
41:19 Northmen's Fury
42:09 Town Watch
46:39 Siege Onager
435589836
0:42 Loom
10:51 Feudal Age
14:26 Castle Age
13:56 Wheelbarrow
23:58 Gold Mining
28:15 Imperial Age
26:16 Bloodlines
26:07 Husbandry
27:22 Hand Cart
28:17 Gold Shaft Mining
28:18 Elite Battle Elephant
29:01 Husbandry
29:25 Conscription
29:48 Howdah
30:02 Scale Barding Armor
31:44 Forging
35:15 Iron Casting
38:00 Pikeman
38:26 Gambesons
38:41 Squires
38:27 Arson
39:46 Blast Furnace
38:51 Halberdier
39:37 Scale Mail Armor
39:30 Man-at-Arms
52:38 Fletching
53:05 Chain Mail Armor
54:41 Light Cavalry
58:55 Hussar
有死之荣无生之辱
0:35 Loom
11:35 Feudal Age
13:36 Man-at-Arms
20:24 Castle Age
23:29 Double-Bit Axe
28:43 Horse Collar
37:03 Imperial Age
36:20 Padded Archer Armor
36:10 Fletching
37:36 Bow Saw
37:44 Leather Archer Armor
39:23 Gold Mining
40:10 Heavy Plow
41:25 Bodkin Arrow
43:37 Chemistry
43:29 Wheelbarrow
42:18 Cranequins
44:37 Two-Man Saw
44:29 Bracer
45:50 Conscription
47:07 Hand Cart
46:36 Treadmill Crane
47:12 Elite Jarl
48:42 Bloodlines
49:05 Ring Archer Armor
48:34 Heavy Mounted Crossbowman
49:18 Scale Mail Armor
49:36 Forging
51:05 Iron Casting
50:37 Scale Barding Armor
52:41 Stone Mining
54:34 Blast Furnace
53:57 Chain Barding Armor
53:40 Husbandry
54:23 Caravan
57:38 Plate Barding Armor
60:47 Ballistics
bluemountain
7:14 Loom
10:15 Feudal Age
11:04 Town Watch
11:06 Double-Bit Axe
11:18 Fletching
17:24 Horse Collar
24:16 Castle Age
25:25 Bodkin Arrow
25:45 Bow Saw
28:06 Heavy Plow
28:44 Gold Mining
31:50 Imperial Age
30:17 Wheelbarrow
30:17 Padded Archer Armor
30:18 Scale Mail Armor
31:11 Pikeman
31:51 Squires
32:12 Forging
32:51 Leather Archer Armor
34:14 Chemistry
33:47 Conscription
35:16 Ring Archer Armor
36:37 Chain Mail Armor
37:31 Fortified Wall
40:09 Plate Mail Armor
40:12 Ironclad
41:28 Hand Cart
45:23 Town Patrol
47:36 Two-Man Saw
47:09 Crop Rotation
46:43 Stone Mining
47:44 Elite Skirmisher
51:59 Arrowslits
52:05 Guard Tower
52:37 Bombard Tower
53:49 Keep
53:35 Ballistics
57:20 Siege Engineers
中国足球
9:09 Loom
12:08 Feudal Age
17:57 Castle Age
18:17 Double-Bit Axe
19:58 Wheelbarrow
19:46 Bow Saw
23:42 Town Watch
24:19 Hand Cart
24:14 Gold Mining
25:15 Stone Mining
30:00 Imperial Age
27:43 Scale Mail Armor
28:28 Gold Shaft Mining
28:18 Squires
29:04 Chain Mail Armor
28:38 Gambesons
29:16 Forging
29:16 Arson
31:15 Conscription
30:19 Capped Ram
32:49 Plate Mail Armor
33:01 Pikeman
33:10 Siege Ram
34:32 Iron Casting
34:52 Hoardings
33:51 Halberdier
34:25 Horse Collar
34:55 Fletching
35:19 Heavy Plow
34:46 Elite Varangian Guard
37:09 Bodkin Arrow
38:08 Bracer
42:18 Siege Ram
44:17 Shield Wall
48:57 Crop Rotation
50:05 Guilds
50:26 Padded Archer Armor
62:47 Two-Man Saw
64:52 Leather Archer Armor
TingA
11:10 Feudal Age
16:44 Castle Age
15:11 Double-Bit Axe
15:25 Horse Collar
17:55 Bow Saw
22:48 Wheelbarrow
25:03 Hand Cart
25:03 Gold Mining
25:32 Heavy Plow
26:47 Gold Shaft Mining
30:26 Imperial Age
28:58 Stone Mining
29:43 Scale Barding Armor
29:49 Forging
30:52 Husbandry
30:51 Heavy Camel Rider
33:23 Stone Shaft Mining
34:06 Crop Rotation
34:05 Scale Mail Armor
34:06 Padded Archer Armor
35:50 Conscription
37:10 Chain Barding Armor
37:26 Iron Casting
38:10 Hoardings
39:19 Elite Skirmisher
40:04 Thumb Ring
42:35 Two-Man Saw
42:23 Light Cavalry
43:16 Hussar
43:36 Elite Cataphract
45:14 Ballistics
46:04 Chemistry
46:13 Logistica
48:59 Fletching
56:47 Squires
57:51 Coinage
小小吸管
11:24 Feudal Age
16:09 Castle Age
14:19 Double-Bit Axe
14:17 Horse Collar
22:38 Wheelbarrow
23:03 Town Watch
28:31 Imperial Age
26:06 Gold Mining
28:05 Gold Shaft Mining
28:53 Husbandry
28:17 Cavalier
29:10 Scale Barding Armor
29:16 Forging
29:14 Husbandry
29:27 Bloodlines
30:04 Hand Cart
29:49 Savar
29:56 Savar
31:08 Chain Barding Armor
31:24 Iron Casting
32:38 Caravan
34:57 Plate Barding Armor
35:23 Blast Furnace
35:20 Conscription
38:38 Padded Archer Armor
38:29 Fletching
40:48 Chemistry
40:09 Ballistics
40:11 Leather Archer Armor
39:51 Bodkin Arrow
44:14 Kamandaran
44:26 Thumb Ring
46:11 Ring Archer Armor
58:39 Murder Holes
61:22 Light Cavalry
Connection lost

Rejoining the realm…

Still unreachable

The connection could not be restored.

Session expired

The server has moved on; the page needs a fresh start.